TOP OF THE 1ST |
BlackIron Dragons batting - Pitching for Wichita Wranglers : RHP Flint Gray
|
Pitching: RHP Flint Gray
|
|
Batting: RHB Gil Palmer
|
0-0: Called Strike 0-1: Ball 1-1: Called Strike 1-2: Strikes out looking
|
Batting: RHB José Colón
|
0-0: Ball 1-0: Swinging Strike 1-1: Foul Ball, location: 2F 1-2: Strikes out swinging
|
Batting: RHB Leroy Jamison
|
0-0: Ball 1-0: Foul Ball, location: 2F 1-1: Ball 2-1: Foul Ball, location: 2F 2-2: Foul Ball, location: 2F 2-2: Strikes out looking
|
Top of the 1st over - 0 run(s), 0 hit(s), 0 error(s), 0 left on base; BlackIron 0 - Wichita 0 |
BOTTOM OF THE 1ST |
Wichita Wranglers batting - Pitching for BlackIron Dragons : RHP Johnathan McJannett
|
Pitching: RHP Johnathan McJannett
|
|
Batting: SHB Martín Medina
|
0-0: Ball 1-0: Swinging Strike 1-1: Ball 2-1: Fly out, F7 (Flyball, 7M)
|
Batting: LHB Eric Peterson
|
0-0: Ball 1-0: Foul Ball, location: 2F 1-1: Foul Ball, location: 2F 1-2: Strikes out looking
|
Batting: RHB Bob Hall
|
0-0: Foul Ball, location: 2F 0-1: Swinging Strike 0-2: Ball 1-2: Ball 2-2: Strikes out swinging
|
Bottom of the 1st over - 0 run(s), 0 hit(s), 0 error(s), 0 left on base; BlackIron 0 - Wichita 0 |
TOP OF THE 2ND |
BlackIron Dragons batting - Pitching for Wichita Wranglers : RHP Flint Gray
|
Batting: RHB Boyd Pittman
|
0-0: Ball 1-0: Ground out 6-3 (Groundball, 6)
|
Batting: RHB Joaquín Rosales
|
0-0: Called Strike 0-1: Ball 1-1: Swinging Strike 1-2: Strikes out swinging
|
Batting: SHB Rick Turner
|
0-0: Ball 1-0: Ball 2-0: Called Strike 2-1: Called Strike 2-2: Foul Ball, location: 2F 2-2: Foul Ball, location: 2F 2-2: Foul Ball, location: 2F 2-2: Strikes out swinging
|
Top of the 2nd over - 0 run(s), 0 hit(s), 0 error(s), 0 left on base; BlackIron 0 - Wichita 0 |
BOTTOM OF THE 2ND |
Wichita Wranglers batting - Pitching for BlackIron Dragons : RHP Johnathan McJannett
|
Batting: RHB Cho-yun Qiao
|
0-0: Ball 1-0: Ball 2-0: Ground out 6-3 (Groundball, 6)
|
Batting: RHB Hamilton Holbrook
|
0-0: Swinging Strike 0-1: Ball 1-1: Called Strike 1-2: Ball 2-2: Ball 3-2: Base on Balls
|
Batting: RHB Javier Coronado
|
0-0: Called Strike 0-1: Ball 1-1: Ball 2-1: Foul Ball, location: 2F 2-2: Ball 3-2: Base on Balls Hamilton Holbrook to second
|
Batting: RHB Tom Howe
|
0-0: Called Strike 0-1: Swinging Strike 0-2: Ball 1-2: Ball 2-2: Ball 3-2: Base on Balls Hamilton Holbrook to third Javier Coronado to second
|
Pitching: RHP Eduardo Delgado
|
|
Batting: RHB Dave Henderson
|
0-0: Foul Ball, location: 2F 0-1: Ball 1-1: Ball 2-1: Fly out, F3 (Popup, 3F)
|
Batting: SHB Shane Hutchinson
|
0-0: Called Strike 0-1: Called Strike 0-2: Fielders Choice at 2nd, U4 (Groundball, 4M)
|
Bottom of the 2nd over - 0 run(s), 0 hit(s), 0 error(s), 3 left on base; BlackIron 0 - Wichita 0 |
TOP OF THE 3RD |
BlackIron Dragons batting - Pitching for Wichita Wranglers : RHP Flint Gray
|
Batting: RHB Brian Jackson
|
0-0: Called Strike 0-1: Ball 1-1: Ball 2-1: Swinging Strike 2-2: Ball 3-2: Strikes out swinging
|
Batting: LHB Culley Vaughan
|
0-0: Ball 1-0: Ball 2-0: Called Strike 2-1: Called Strike 2-2: Strikes out swinging
|
Batting: RHB Alfredo Rangel
|
0-0: Ball 1-0: Ball 2-0: Foul Ball, location: 2F 2-1: Foul Ball, location: 2F 2-2: Fly out, F8 (Flyball, 8RM)
|
Top of the 3rd over - 0 run(s), 0 hit(s), 0 error(s), 0 left on base; BlackIron 0 - Wichita 0 |
BOTTOM OF THE 3RD |
Wichita Wranglers batting - Pitching for BlackIron Dragons : RHP Eduardo Delgado
|
Batting: SHB Martín Medina
|
0-0: Ball 1-0: Swinging Strike 1-1: Ball 2-1: Foul Ball, location: 2F 2-2: Ground out 4-3 (Groundball, 4)
|
Batting: LHB Eric Peterson
|
0-0: Called Strike 0-1: Ball 1-1: Reached on error, E4 (Groundball, 4)
|
Batting: RHB Bob Hall
|
0-0: Ball 1-0: 2-RUN HOME RUN (Flyball, 7D), Distance : 373 ft
|
Batting: RHB Cho-yun Qiao
|
0-0: Swinging Strike 0-1: SOLO HOME RUN (Flyball, 7LD), Distance : 350 ft
|
Batting: RHB Hamilton Holbrook
|
0-0: Ground out 5-3 (Groundball, 5L)
|
Batting: RHB Javier Coronado
|
0-0: Ball 1-0: Ball 2-0: DOUBLE (Groundball, 5L)
|
Batting: RHB Tom Howe
|
0-0: Ball 1-0: Foul Ball, location: 2F 1-1: Ball 2-1: Ground out 6-3 (Groundball, 6M)
|
Bottom of the 3rd over - 3 run(s), 3 hit(s), 1 error(s), 1 left on base; BlackIron 0 - Wichita 3 |
TOP OF THE 4TH |
BlackIron Dragons batting - Pitching for Wichita Wranglers : RHP Flint Gray
|
Batting: RHB Gil Palmer
|
0-0: Ball 1-0: Ball 2-0: Called Strike 2-1: Fly out, F9 (Flyball, 89S)
|
Batting: RHB José Colón
|
0-0: Called Strike 0-1: SINGLE (Groundball, 5D)
|
Batting: RHB Leroy Jamison
|
0-0: Called Strike 0-1: Foul Ball, location: 2F 0-2: Strikes out looking
|
Batting: RHB Boyd Pittman
|
0-0: Foul Ball, location: 2F 0-1: Swinging Strike 0-2: Ground out 2-3 (Groundball, 2L)
|
Top of the 4th over - 0 run(s), 1 hit(s), 0 error(s), 1 left on base; BlackIron 0 - Wichita 3 |
BOTTOM OF THE 4TH |
Wichita Wranglers batting - Pitching for BlackIron Dragons : RHP Eduardo Delgado
|
Batting: RHB Dave Henderson
|
0-0: Fly out, F8 (Popup, 4MD)
|
Batting: SHB Shane Hutchinson
|
0-0: Ball 1-0: Ball 2-0: Ball 3-0: Base on Balls
|
Batting: SHB Martín Medina
|
0-0: Ball 1-0: Called Strike Shane Hutchinson is caught stealing 2nd base
|
|
|
|
1-1: Called Strike 1-2: Foul Ball, location: 2F 1-2: Ball 2-2: Ball 3-2: SINGLE (Groundball, 34D)
|
Batting: LHB Eric Peterson
|
0-0: Ball Martín Medina is caught stealing 2nd base
|
Bottom of the 4th over - 0 run(s), 1 hit(s), 0 error(s), 0 left on base; BlackIron 0 - Wichita 3 |
TOP OF THE 5TH |
BlackIron Dragons batting - Pitching for Wichita Wranglers : RHP Flint Gray
|
Batting: RHB Joaquín Rosales
|
0-0: Fly out, F7 (Flyball, 7M)
|
Batting: SHB Rick Turner
|
0-0: Foul Ball, location: 2F 0-1: Ball 1-1: Fly out, F8 (Flyball, 8LD)
|
Batting: RHB Brian Jackson
|
0-0: Ball 1-0: Called Strike 1-1: Ball 2-1: Ball 3-1: SINGLE (Line Drive, 9S)
|
Batting: LHB Culley Vaughan
|
0-0: Foul Ball, location: 2F 0-1: Ball 1-1: Ball 2-1: Called Strike 2-2: Foul Ball, location: 2F 2-2: Strikes out looking
|
Top of the 5th over - 0 run(s), 1 hit(s), 0 error(s), 1 left on base; BlackIron 0 - Wichita 3 |
BOTTOM OF THE 5TH |
Wichita Wranglers batting - Pitching for BlackIron Dragons : RHP Eduardo Delgado
|
Batting: LHB Eric Peterson
|
0-0: Called Strike 0-1: Swinging Strike 0-2: Foul Ball, location: 2F 0-2: Ball 1-2: Foul Ball, location: 2F 1-2: Ball 2-2: Ground out 1-3 (Groundball, 13)
|
Batting: RHB Bob Hall
|
0-0: Called Strike 0-1: Fly out, F6 (Popup, 6M)
|
Batting: RHB Cho-yun Qiao
|
0-0: Ball 1-0: Swinging Strike 1-1: Ball 2-1: Ball 3-1: Base on Balls
|
Batting: RHB Hamilton Holbrook
|
0-0: Ball 1-0: Called Strike 1-1: Foul Ball, location: 2F 1-2: Foul Ball, location: 2F 1-2: Strikes out swinging
|
Bottom of the 5th over - 0 run(s), 0 hit(s), 0 error(s), 1 left on base; BlackIron 0 - Wichita 3 |
TOP OF THE 6TH |
BlackIron Dragons batting - Pitching for Wichita Wranglers : RHP Flint Gray
|
Batting: RHB Alfredo Rangel
|
0-0: Ball 1-0: Swinging Strike 1-1: Swinging Strike 1-2: Strikes out swinging
|
Batting: RHB Gil Palmer
|
0-0: Ball 1-0: Ground out 6-3 (Groundball, 6M)
|
Batting: RHB José Colón
|
0-0: Fly out, F9 (Flyball, 89M)
|
Top of the 6th over - 0 run(s), 0 hit(s), 0 error(s), 0 left on base; BlackIron 0 - Wichita 3 |
BOTTOM OF THE 6TH |
Wichita Wranglers batting - Pitching for BlackIron Dragons : RHP Eduardo Delgado
|
Batting: RHB Javier Coronado
|
0-0: Ball 1-0: Swinging Strike 1-1: Ball 2-1: Ball 3-1: Base on Balls
|
Batting: RHB Tom Howe
|
0-0: Ball 1-0: Called Strike 1-1: Ball 2-1: Called Strike 2-2: Foul Ball, location: 2F 2-2: Ball 3-2: Foul Ball, location: 2F 3-2: Fly out, F3 (Popup, 3DF)
|
Pitching: RHP Luis Canseco
|
|
Batting: RHB Dave Henderson
|
0-0: Called Strike 0-1: Swinging Strike 0-2: Ball 1-2: Ball 2-2: Ball 3-2: Base on Balls Javier Coronado to second
|
Batting: SHB Shane Hutchinson
|
0-0: Called Strike 0-1: Called Strike 0-2: Strikes out swinging
|
Batting: SHB Martín Medina
|
0-0: Ball 1-0: Foul Ball, location: 2F 1-1: Foul Ball, location: 2F 1-2: Strikes out swinging
|
Bottom of the 6th over - 0 run(s), 0 hit(s), 0 error(s), 2 left on base; BlackIron 0 - Wichita 3 |
TOP OF THE 7TH |
BlackIron Dragons batting - Pitching for Wichita Wranglers : RHP Flint Gray
|
Batting: RHB Leroy Jamison
|
0-0: Called Strike 0-1: Called Strike 0-2: Ground out 4-3 (Groundball, 4M)
|
Batting: RHB Boyd Pittman
|
0-0: Called Strike 0-1: Called Strike 0-2: Strikes out looking
|
Batting: RHB Joaquín Rosales
|
0-0: Called Strike 0-1: Foul Ball, location: 2F 0-2: Foul Ball, location: 2F 0-2: Ball 1-2: Strikes out swinging
|
Top of the 7th over - 0 run(s), 0 hit(s), 0 error(s), 0 left on base; BlackIron 0 - Wichita 3 |
BOTTOM OF THE 7TH |
Wichita Wranglers batting - Pitching for BlackIron Dragons : RHP Luis Canseco
|
Batting: LHB Eric Peterson
|
0-0: Foul Ball, location: 2F 0-1: Ball 1-1: Ball 2-1: Ball 3-1: Foul Ball, location: 2F 3-2: Base on Balls
|
Batting: RHB Bob Hall
|
0-0: Ball 1-0: Ball 2-0: Ball 3-0: Called Strike 3-1: Base on Balls Eric Peterson to second
|
Batting: RHB Cho-yun Qiao
|
0-0: Called Strike 0-1: Foul Ball, location: 2F 0-2: Ball 1-2: Foul Ball, location: 2F 1-2: Grounds into double play, 4-6-3 (Groundball, 34) Eric Peterson to third
|
Pitching: RHP António García
|
|
Batting: RHB Hamilton Holbrook
|
0-0: Swinging Strike 0-1: Called Strike 0-2: Ball 1-2: Foul Ball, location: 2F 1-2: Foul Ball, location: 2F 1-2: Ball 2-2: Foul Ball, location: 2F 2-2: Strikes out looking
|
Bottom of the 7th over - 0 run(s), 0 hit(s), 0 error(s), 1 left on base; BlackIron 0 - Wichita 3 |
TOP OF THE 8TH |
BlackIron Dragons batting - Pitching for Wichita Wranglers : RHP Flint Gray
|
Batting: SHB Rick Turner
|
0-0: Ball 1-0: Ground out 3-1 (Groundball, 34S)
|
Batting: RHB Brian Jackson
|
0-0: Foul Ball, location: 2F 0-1: Ball 1-1: Foul Ball, location: 2F 1-2: Ball 2-2: Strikes out swinging
|
Batting: LHB Culley Vaughan
|
0-0: Called Strike 0-1: Foul Ball, location: 2F 0-2: Strikes out swinging
|
Top of the 8th over - 0 run(s), 0 hit(s), 0 error(s), 0 left on base; BlackIron 0 - Wichita 3 |
BOTTOM OF THE 8TH |
Wichita Wranglers batting - Pitching for BlackIron Dragons : RHP António García
|
Batting: RHB Javier Coronado
|
0-0: Ball 1-0: Swinging Strike 1-1: Ball 2-1: Foul Ball, location: 2F 2-2: Ball 3-2: Ground out 4-3 (Groundball, 4)
|
Batting: RHB Tom Howe
|
0-0: Ball 1-0: Foul Ball, location: 2F 1-1: Foul Ball, location: 2F 1-2: Foul Ball, location: 2F 1-2: Ball 2-2: Foul Ball, location: 2F 2-2: Ball 3-2: Foul Ball, location: 2F 3-2: Base on Balls
|
Batting: RHB Dave Henderson
|
0-0: Ball 1-0: Ball 2-0: Ball 3-0: Called Strike 3-1: Called Strike 3-2: Strikes out looking
|
Batting: SHB Shane Hutchinson
|
0-0: Foul Ball, location: 2F 0-1: Ball 1-1: Ball 2-1: Ball 3-1: Foul Ball, location: 2F 3-2: Ground out 4-3 (Groundball, 4)
|
Bottom of the 8th over - 0 run(s), 0 hit(s), 0 error(s), 1 left on base; BlackIron 0 - Wichita 3 |
TOP OF THE 9TH |
BlackIron Dragons batting - Pitching for Wichita Wranglers : RHP Flint Gray
|
Pitching: RHP Craig Adams
|
|
Batting: RHB Alfredo Rangel
|
0-0: Ball 1-0: Ground out 5-3 (Groundball, 56)
|
Batting: RHB Gil Palmer
|
0-0: Ball 1-0: Called Strike 1-1: Ground out 5-3 (Groundball, 56)
|
Batting: RHB José Colón
|
0-0: Called Strike 0-1: Called Strike 0-2: Ball 1-2: Strikes out swinging
|
Top of the 9th over - 0 run(s), 0 hit(s), 0 error(s), 0 left on base; BlackIron 0 - Wichita 3 |
|
|